 Dungeon Crawl Stone Soup version 0.31-a0-844-gdc52ec4e09 (webtiles) character file.

Game seed: 9673714118027338678

46 pokeman the Magician (level 3, 0/20 HPs)
             Began as a Deep Elf Hedge Wizard on Sept 28, 2023.
             Slain by a hobgoblin (4 damage)
             ... on level 2 of the Dungeon on Sept 29, 2023.
             The game lasted 00:03:33 (1411 turns).

pokeman the Magician (Deep Elf Hedge Wizard)        Turns: 1411, Time: 00:03:33

Health: 0/20       AC:  2    Str:  7    XL:     3   Next: 46%
Magic:  0/11       EV: 12    Int: 20    God:
Gold:   35         SH:  0    Dex: 14    Spells: 4/12 levels left

rFire   . . .        e - +2 war axe (flame)
rCold   . . .        (no shield)
rNeg    . . .        b - +0 robe
rPois   .            c - +0 hat
rElec   .            (no cloak)
rCorr   .            (no gloves)
SInv    .            (no boots)
Will    .....        (no amulet)
Stlth   ++           (no ring)
HPRegen 0.23/turn    (no ring)
MPRegen 0.12/turn

%: no passive effects
@: no status effects
A: no striking features
a: no special abilities


You were on level 2 of the Dungeon.
You visited 1 branch of the dungeon, and saw 2 of its levels.

You collected 35 gold pieces.

Inventory:

Hand Weapons
 e - a +2 war axe of flaming (weapon)
Armour
 b - a +0 robe (worn)
 c - a +0 hat (worn)
Scrolls
 a - a scroll of identify {unknown}
 f - a scroll of brand weapon {unknown}
 h - a scroll of amnesia {unknown}
Potions
 d - a potion of magic
 g - a potion of curing {unknown}
 i - a potion of attraction {unknown}


   Skills:
 + Level 1.0 Fighting
 - Level 1.0 Armour
 + Level 2.4 Dodging
 - Level 2.4 Stealth
 * Level 5.2 Spellcasting
 + Level 1.9 Conjurations
 - Level 1.1 Summonings
 - Level 1.1 Translocations


You had 4 spell levels left.
You knew the following spells:

 Your Spells              Type           Power      Damage    Failure   Level
a - Magic Dart            Conj           48%        1d5       5%          1
b - Mephitic Cloud        Conj/Pois/Air  7%         N/A       26%         3
c - Call Imp              Summ           18%        N/A       11%         2
d - Blink                 Tloc           18%        N/A       11%         2

Your spell library contained the following spells:

 Spells                   Type           Power      Damage    Failure   Level
 Slow                     Hex            20%        N/A       12%         1
 Cigotuvi's Dreadful Rot  Necr/Pois/Air  10%        N/A       17%         2


Dungeon Overview and Level Annotations

Branches:
Dungeon (2/15)

Altars:

Shops:
D:1 ***!:


Message History

Casting: Magic Dart (safe; 5% risk of failure)
Confirm with . or Enter, or press ? or * to list all spells.
You blink.
Unknown command.
You barely miss the ball python. The ball python misses you.
The ball python grabs you. The ball python constricts you.
* * * LOW HITPOINT WARNING * * *
The ball python closely misses you. The ball python constricts you.
* * * LOW HITPOINT WARNING * * *
You escape the ball python's grasp.
You feel ready to blink again.
The ball python attacks as it pursues you!
The ball python closely misses you. The ball python grabs you.
The ball python constricts you.
You escape the ball python's grasp.
The ball python attacks as it pursues you!
The ball python closely misses you. The ball python grabs you.
The ball python constricts you.
You escape the ball python's grasp.
The ball python attacks as it pursues you!
The ball python barely misses you. The ball python misses you.
You closely miss the ball python. The ball python barely misses you.
The ball python closely misses you.
You closely miss the ball python.
The ball python bites you but does no damage.
The ball python grabs you. The ball python constricts you.
The ball python bites you but does no damage.
The ball python constricts you.
* * * LOW HITPOINT WARNING * * *
Unknown command.
You hit the ball python. You burn the ball python.
You kill the ball python!
The hobgoblin closely misses you.
Your Fighting skill increases to level 1!
Unknown command.
Casting: Blink (safe; 11% risk of failure)
Confirm with . or Enter, or press ? or * to list all spells.
A tiny devil pulls itself out of the air.
The hobgoblin hits you.
You die...

#.####.########.#
#..........>.##.#
+####.............#####
..#.##...#####........###.#
..'..#...##########.......#
)†#.##.........g...†#.#####
)####....gg.g..gg#### #
gg#...##########g# g##.###
#######@# #.# '#g.#
#......5# #.# ...##
#.####..# #.# ..##
#.####..# #.# #.# #....#..#
#.# #.# ####.#..# #.# #.#
#.#..####.######## #..
#..#.<)........... ##.
#.#..####.########


You could see 2 hobgoblins, 2 goblins and a friendly cerulean imp (summoned).

Vanquished Creatures
  A dart slug (D:1)
  4 orcs (D:2)
  3 ball pythons (D:2)
  A bat (D:2)
  2 endoplasms
  A giant cockroach (D:1)
  10 goblins
  7 hobgoblins
  2 kobolds
  A frilled lizard (D:1)
  A rat (D:1)
33 creatures vanquished.

Notes
Turn   | Place    | Note
-------+----------+-------------------------------------------
     0 | D:1      | pokeman the Deep Elf Hedge Wizard began the quest for the
                  | Orb.
     0 | D:1      | Reached XP level 1. HP: 10/10 MP: 7/7
   145 | D:1      | Found Dyduam's Assorted Antiques.
   163 | D:1      | Found Luicec's Distillery.
   247 | D:1      | Found a faded altar of an unknown god.
   274 | D:1      | Reached XP level 2. HP: 16/16 MP: 7/9
   613 | D:1      | Found Ytekk's General Store.
   614 | D:1      | Found Defuk's General Store.
   680 | D:1      | Found Jeusiroq's Book Shoppe.
  1127 | D:2      | Reached skill level 5 in Spellcasting
  1226 | D:2      | Reached XP level 3. HP: 20/20 MP: 8/11
  1230 | D:2      | Learned a level 3 spell: Mephitic Cloud
  1233 | D:2      | Learned a level 2 spell: Call Imp
  1236 | D:2      | Learned a level 2 spell: Blink
  1390 | D:2      | Reached skill level 1 in Armour
  1411 | D:2      | Reached skill level 1 in Fighting
  1411 | D:2      | Slain by a hobgoblin

Illustrated notes

Levels and vault maps discovered:
D:1:      shiori_shiawase, layout_basic, chequers_ecumenical_altar_grove,
          serial_corexii_hall, chequers_hall_statues_wall_a,
          chequers_hall_statues_wall_a, serial_shops, shop,
          nicolae_shop_industrial_runoff, nicolae_shop_hallway_plus, shop, shop
D:2:      cheibrodos_greedy_goblins, layout_loops_ring, chequers_avenue

Skill      XL: |  1  2  3 |
---------------+----------+-----
Spellcasting   | 5 |  5.2
Armour         | 1 |  1.0
Fighting       | 1 |  1.0
Dodging        | |  2.4
Stealth        | |  2.4
Conjurations   | |  1.9
Summonings     | |  1.1
Translocations | |  1.1

Action                     || total
---------------------------++-------
  Melee: Dagger            ||    13
         War axe           ||    19
   Cast: Magic Dart        ||    51
         Mephitic Cloud    ||     2
         Blink             ||     1
         Call Imp          ||     1
 Armour: Robe              ||    31
  Dodge: Dodged            ||    27

Table legend: (Time is in decaauts)
 A = Elapsed time spent in this place.
 B = Non-inter-level travel time spent in this place.
 C = Inter-level travel time spent in this place.
 D = Time resting spent in this place.
 E = Time spent auto-exploring this place.
 F = Levels seen in this place.
 G = Mean time per level.
                   A        B        C        D        E       F      G
               +--------+--------+--------+--------+--------+-----+--------+
         Total |   1421 |   1390 |     31 |     64 |   1123 |   2 |  710.5 |
       Dungeon |   1421 |   1390 |     31 |     64 |   1123 |   2 |  710.5 |
               +--------+--------+--------+--------+--------+-----+--------+

Top non-repeatable levels by time:
     D:1: 1024 daAuts
     D:2: 396 daAuts
